 Dungeon Crawl Stone Soup version 0.29.0-7-g18a832c13a (webtiles) character file.

Game seed: 13257169184289772328

37 gelatine the Stinger (level 3, -1/23 (24) HPs)
             Began as a Demonspawn Venom Mage on Aug 30, 2022.
             Was an Initiate of Gozag.
             Slain by a wight
             ... wielding a +3 mace of freezing
              (3 damage)
             ... on level 3 of the Dungeon.
             The game lasted 00:06:03 (2342 turns).

gelatine the Stinger (Demonspawn Venom Mage)        Turns: 2342, Time: 00:06:04

HP:   -1/23 (24)    AC:  3    Str:  8    XL:     3   Next: 21%
MP:   2/2           EV: 12    Int: 18    God:    Gozag
Gold: 116           SH:  0    Dex: 20    Spells: 5/6 levels left

rFire   . . .      SeeInvis .   j - +5 dagger of Theory {antimagic, Fragile rPois Will+ Dex+7}
rCold   . . .      Faith    .   (no shield)
rNeg    . . .      Spirit   .   a - +0 robe
rPois   +          Reflect  .   (no helmet)
rElec   .          Harm     .   (no cloak)
rCorr   .          Rampage  .   q - +0 pair of gloves
Will    +....                   (no boots)
Stlth   ++........              (no amulet)
HPRegen 0.07/turn               s - ring of flight
MPRegen 0.08/turn               (no ring)

@: flying, lightly drained
A: weakness stinger 1
a: Renounce Religion, Potion Petition, Call Merchant, Bribe Branch


You were on level 3 of the Dungeon.
You worshipped Gozag.
Gozag was aware of your devotion.
You visited 1 branch of the dungeon, and saw 3 of its levels.

You collected 248 gold pieces.
You spent 132 gold pieces at shops.

Inventory:

Hand Weapons
 d - a +0 dagger
 j - the +5 dagger of Theory (weapon) {antimagic, Fragile rPois Will+ Dex+7}
   (You bought it in a shop on level 1 of the Dungeon)

   It reduces the magical energy of the wielder, and disrupts the spells and
   magical abilities of those it strikes.
   Natural abilities and divine invocations are not affected.
   Dex:       It affects your dexterity (+7).
   rPois:     It protects you from poison.
   Fragile:   It will be destroyed if unequipped.
   Will:      It increases your willpower.
Armour
 a - a +0 robe (worn)
 f - an orb of mayhem
 q - a +0 pair of gloves (worn)
Jewellery
 k - a ring of fire
 s - a ring of flight (left hand)
 t - an amulet of reflection
 u - a ring of ice
Scrolls
 c - a scroll of blinking
 e - a scroll of silence
 h - a scroll of immolation
 m - 5 scrolls of noise
 n - a scroll of brand weapon
 o - a scroll of amnesia {unknown}
 p - 2 scrolls of fear {unknown}
Potions
 b - a potion of magic
 g - 2 potions of might {unknown}
 i - 3 potions of attraction {unknown}
 l - a potion of cancellation {unknown}
 r - a potion of curing {unknown}


   Skills:
 + Level 1.9 Dodging
 + Level 1.9 Stealth
 + Level 2.3 Spellcasting
 + Level 1.4 Transmutations
 + Level 3.7 Poison Magic


You had 5 spell levels left.
You knew the following spells:

 Your Spells              Type           Power      Damage    Failure   Level
a - Sting                 Tmut/Pois      44%        1d5       6%          1

Your spell library contained the following spells:

 Spells                   Type           Power      Damage    Failure   Level
 Poisonous Vapours        Pois/Air       16%        N/A       12%         2
 Magic Dart               Conj           8%         1d3       17%         1
 Call Imp                 Summ           2%         N/A       26%         2
 Mephitic Cloud           Conj/Pois/Air  6%         N/A       32%         3
 Olgreb's Toxic Radiance  Pois           15%        N/A       36%         4


Dungeon Overview and Level Annotations

Branches:
Dungeon (3/15)

Altars:
Gozag

Shops:
D:1 (   D:2 [(??


Innate Abilities, Weirdness & Mutations

You have a small tail.


Message History

a +0 sling; a +0 robe
Found a long sword.
You see here a +0 long sword.
A hobgoblin comes into view.
Found a diamond ring.
Found 3 gold pieces.
The helpless hobgoblin fails to defend itself.
You puncture the hobgoblin!
You kill the hobgoblin!
You now have 106 gold pieces (gained 5).
s - a ring of flight A hobgoblin comes into view.
It is wielding a +0 flail.
You see here 3 gold pieces.
You now have 109 gold pieces (gained 3).
You fly up into the air.
s - a ring of flight (left hand)
The hobgoblin shouts!
The hobgoblin closely misses you.
You puncture the hobgoblin!
You kill the hobgoblin!
You now have 116 gold pieces (gained 7).
Things that are here:
a +0 flail; 7 stones You can't see any susceptible monsters within range! (Use Z to cast anyway.)
t - an amulet of reflection A wight comes into view.
It is wielding a +3 mace of freezing.
Found a stone staircase leading up.
The wight moves out of view.
u - a ring of ice You start putting on your amulet.
You continue putting on your amulet of reflection. x4
The wight hits you with a +3 mace of freezing!
The wight freezes you.
You continue putting on your amulet of reflection.
The wight hits you with a +3 mace of freezing!
* * * LOW HITPOINT WARNING * * *
You feel drained.
* * * LOW HITPOINT WARNING * * *
The wight freezes you.
You die...
Your body crumbles into a pile of gold.

##....... #......
##........ .......
#.....###. ..<....
#....###. . .....
#....##. .......
#.....). ....#..
##...##.
#...z############.###.
#...@........# #.# #.
#............###.###.
#.#.########.##...##.
# #. #....#.... #.
#.#....### ..
######.#.#.## ..
#.....)..#.# ..#
#.####.###.# #.# .#


You could see a wight.

Vanquished Creatures
  A dart slug (D:2)
  A bat (D:1)
  3 endoplasms
  A giant cockroach (D:2)
  3 goblins
  6 hobgoblins
  8 ball pythons
  A frilled lizard (D:1)
  2 kobolds (D:2)
  6 rats
32 creatures vanquished.

Notes
Turn   | Place    | Note
-------+----------+-------------------------------------------
     0 | D:1      | gelatine the Demonspawn Venom Mage began the quest for the
                  | Orb.
     0 | D:1      | Reached XP level 1. HP: 13/13 MP: 3/3
    74 | D:1      | Found Maedic's Antique Weapon Boutique.
   256 | D:1      | Found a faded altar of an unknown god.
   264 | D:1      | Prayed at the altar of an unknown god.
   264 | D:1      | Became a worshipper of Gozag Ym Sagoz the Greedy
   360 | D:1      | Reached skill level 1 in Transmutations
   360 | D:1      | Gained mutation: You have a small tail. [demonic ancestry]
   360 | D:1      | Reached XP level 2. HP: 10/19 MP: 0/5
  1072 | D:1      | Bought an ichor-stained dagger for 112 gold pieces
  1072 | D:1      | Identified the +5 dagger of Theory {antimagic, Fragile
                  | rPois Will+ Dex+7} (You bought it in a shop on level 1 of
                  | the Dungeon)
  1174 | D:2      | Found Baraolask's Armour Shop.
  1481 | D:2      | Found Vaughut's Magic Scroll Shoppe.
  1505 | D:2      | Bought a scroll of identify for 20 gold pieces
  1577 | D:2      | Reached XP level 3. HP: 24/24 MP: 1/6
  1681 | D:2      | Found Mewnocoq's Magic Scroll Shoppe.
  2114 | D:2      | Found Kaenkuir's Antique Weapon Shop.
  2335 | D:3      | Noticed a wight
  2342 | D:3      | Slain by a wight

Illustrated notes

Levels and vault maps discovered:
D:1:      amcnicky_arrival_choice, layout_loops_ring,
          hellmonk_ecumenical_altar_crossroads, serial_shops, shop,
          minmay_misc_feat_cross
D:2:      layout_basic, serial_shops, shop_scrolls, nicolae_shop_trees,
          nicolae_shop_stone, shop
D:3:      layout_loops_ring, minmay_misc_feat_alley, minmay_cupped

Skill      XL: |  1 |
---------------+----+-----
Transmutations | 1 |  1.4
Dodging        | |  1.9
Stealth        | |  1.9
Spellcasting   | |  2.3
Poison Magic   | |  3.7

Action                   || total
-------------------------++-------
Melee: Dagger            ||    17
       Tailslap          ||     2
 Cast: Sting             ||    53
  Use: Scroll            ||     5
 Stab: Sleeping          ||     1
Armor: Robe              ||     6
Dodge: Dodged            ||    14
